 Dungeon Crawl Stone Soup version 0.21.1-1-g345015f (webtiles) character file.

63 magui the Shield-Bearer (level 3, -3/33 HPs)
             Began as a Deep Dwarf Fighter on Mar 26, 2018.
             Killed by divine providence
             ... invoked by an orc priest
              (12 damage)
             ... on level 2 of the Dungeon.
             The game lasted 00:16:35 (1411 turns).

magui the Shield-Bearer (Deep Dwarf Fighter)        Turns: 1411, Time: 00:16:39

Health: -3/33      AC:  7    Str: 17 (20) XL:     3   Next: 87%
Magic:  2/2        EV:  7    Int:  5 (8)  God:
Gold:   44         SH:  9    Dex: 11 (12) Spells: 2/2 levels left

rFire    . . .     SeeInvis .   n - +3 short sword
rCold    . . .     Gourm    .   c - +0 shield
rNeg     . . .     Faith    .   b - +0 scale mail
rPois    .         Spirit   .   (no helmet)
rElec    .         Reflect  .   (no cloak)
rCorr    .         Harm     .   (no gloves)
MR       .....                  (no boots)
Stlth    ..........             (no amulet)
HPRegen  0.00/turn              (no ring)
MPRegen  0.08/turn              (no ring)

@: non-regenerating
A: damage resistance, heal wounds, sense surroundings 1, no regeneration
a: Heal Wounds


You were on level 2 of the Dungeon.
You were not hungry.

You visited 1 branch of the dungeon, and saw 2 of its levels.

You collected 44 gold pieces.

Inventory:

Hand Weapons
 a - a +1 long sword
 e - a +0 club
 g - a +0 club
 h - a +0 short sword
 n - a +3 short sword (weapon)
 p - a +0 dagger
 q - a +0 hunting sling
Missiles
 i - 65 stones (quivered)
 j - 11 arrows
 m - 17 bolts
Armour
 b - a +0 scale mail (worn)
 c - a +0 shield (worn)
 l - a +0 ring mail
 o - a +0 robe
Scrolls
 r - a scroll of enchant weapon
Potions
 d - a potion of might
 k - 2 potions of degeneration
Comestibles
 f - 2 rations


   Skills:
 + Level 2.9 Fighting
 + Level 0.2(1.4) Short Blades
 + Level 2.7 Long Blades
 + Level 3.9 Armour
 + Level 0.3 Dodging
 + Level 0.2 Stealth
 + Level 4.0 Shields


You had 2 spell levels left.
You didn't know any spells.

Dungeon Overview and Level Annotations

Branches:
Dungeon (2/15)

Altars:


Innate Abilities, Weirdness & Mutations

You are resistant to damage.
You can heal yourself by infusing magical energy.
You passively map a small area around you.
You do not regenerate.


Message History

The orc priest invokes the aid of Beogh against you.
Pain shoots through your body! You block the orc wizard's attack.
You block the goblin's attack.
The orc priest drinks a potion.
The orc priest seems to speed up.
You feel much better. The goblin hits you but does no damage.
You hit the goblin.
You kill the goblin!
The orc priest invokes the aid of Beogh against you.
Beogh smites you!
The orc priest mumbles some strange prayers to Beogh against you.
Beogh smites you!
* * * LOW HITPOINT WARNING * * *
You hit the orc priest but do no damage.
The orc wizard mumbles some strange words.
The orc wizard flickers and vanishes!
Deactivating autopickup; reactivate with Ctrl-A.
The orc priest calls down the wrath of Beogh upon you.
Beogh smites you!
You die...

...w..............###
*
,.....##.......#...#
,* , ....
#....†...#...# * ###
*#..w.†...#...#
#........# ..# * *
#..{###### ..# *
#..o###########
####o..........,
#####@.......... ,
#............... ,*
#...............
#...............
#######.........
####..<...... ,
#............ ,
#........#.#####.#.
#......###.#.......


You could see 2 orc priests and a dart slug.

Vanquished Creatures
  An adder (D:2)
  An ooze (D:1)
  2 leopard geckos (D:1)
  5 giant cockroaches
  4 goblins (D:2)
  6 hobgoblins
  3 jackals (D:2)
  6 kobolds
  A ball python (D:1)
  7 bats
  2 frilled lizards
  7 rats
45 creatures vanquished.

Notes
Turn   | Place    | Note
-------+----------+-------------------------------------------
     0 | D:1      | magui the Deep Dwarf Fighter began the quest for the Orb.
     0 | D:1      | Reached XP level 1. HP: 20/20 MP: 1/1
   103 | D:1      | Reached XP level 2. HP: 21/27 MP: 2/2
   307 | D:1      | ne pas oublier de soigner
   480 | D:1      | Reached XP level 3. HP: 32/33 MP: 3/3
  1381 | D:2      | Reached skill level 4 in Shields
  1411 | D:2      | Killed from afar by an orc priest

Skill      XL: |  1  2  3 |
---------------+----------+-----
Shields        | 4 |  4.0
Fighting       | |  2.9
Short Blades   | |  0.2
Long Blades    | |  2.7
Armour         | |  3.9
Dodging        | |  0.3
Stealth        | |  0.2

Action                   || total
-------------------------++-------
Melee: Long sword        ||    70
       Short sword       ||    60
 Abil: Heal Wounds       ||     3
  Use: Scroll            ||     6
       Potion            ||     5
  Eat: Ration            ||     1
Armor: Scale mail        ||    59
Dodge: Dodged            ||    26
Block: Shield            ||    66
       Rpst.: Long sword ||     6
